 Dungeon Crawl Stone Soup version 0.23.2-1-ga50397a (webtiles) character file.

Game seed: 14198943310491131915

346 Borgoz the Slasher (level 6, 0/56 HPs)
             Began as a Minotaur Monk on May 25, 2019.
             Slain by an orc wizard
             ... wielding a +0 dagger
              (3 damage)
             ... on level 4 of the Dungeon.
             The game lasted 00:04:39 (2948 turns).

Borgoz the Slasher (Minotaur Monk)                  Turns: 2948, Time: 00:04:39

Health: 0/56       AC:  3    Str: 23    XL:     6   Next: 32%
Magic:  5/5        EV: 14    Int:  7    God:
Gold:   209        SH:  0    Dex: 12    Spells: 5/5 levels left

rFire    . . .     SeeInvis .   a - +0 falchion
rCold    . . .     Gourm    .   (no shield)
rNeg     . . .     Faith    .   h - +0 leather armour
rPois    .         Spirit   .   (helmet restricted)
rElec    .         Reflect  .   (no cloak)
rCorr    .         Harm     .   (no gloves)
MR       +....                  (no boots)
Stlth    +.........             (no amulet)
HPRegen  0.18/turn              b - ring of protection from magic
MPRegen  0.09/turn              (no ring)

@: mighty
A: retaliatory headbutt, horns 2
a: no special abilities


You were on level 4 of the Dungeon.
You were hungry.

You visited 1 branch of the dungeon, and saw 4 of its levels.

You collected 209 gold pieces.

Inventory:

Hand Weapons
 a - a +0 falchion (weapon)
Armour
 h - a +0 leather armour (worn)
Jewellery
 b - a ring of protection from magic (left hand)
 g - a cursed ring of fire {unknown}
Scrolls
 e - 6 scrolls of identify {unknown}
 f - a scroll of enchant weapon {unknown}
 i - a scroll of blinking {unknown}
 j - 2 scrolls of magic mapping {unknown}
 k - a scroll of remove curse {unknown}
 l - a scroll of fog {unknown}
 m - a scroll of teleportation {unknown}
Potions
 o - a potion of flight {unknown}
 p - a potion of haste
Comestibles
 c - 8 rations


   Skills:
 + Level 5.3 Fighting
 * Level 5.5 Long Blades
 + Level 3.4 Armour
 + Level 4.7 Dodging
 - Level 1.5 Stealth


You had 5 spell levels left.
You didn't know any spells.
Your spell library was empty.

Dungeon Overview and Level Annotations

Branches:
Dungeon (4/15)
 Temple: D:4-7

Altars:


Innate Abilities, Weirdness & Mutations

You reflexively headbutt those who attack you in melee.
You have a pair of horns on your head.


Message History

You hear some strange, mumbled words.
A magic dart appears from out of thin air!
The magic dart hits you!
Things that are here:
a +0 mace; a +0 leather armour You are too injured to fight recklessly!
You closely miss something. Something hits you but does no damage.
You miss something. Something hits you.
* * * LOW HITPOINT WARNING * * *
You barely miss something.
You hear some strange, mumbled words.
A magic dart appears from out of thin air!
The magic dart hits you!
* * * LOW HITPOINT WARNING * * *
You hit something. Something hits you.
* * * LOW HITPOINT WARNING * * *
It was a potion of might.
You feel very mighty all of a sudden. Something hits you.
You die...

#..<......########
#.. #.........#
... #.........+ .
.## ##.####...#
....##.#########
#........>......#
..........).....#
................#
##...##.##@{##.##
#... #.##..# #
#... .....!.. #...
...........
..............
..............#
##.....##...#
#.....# +###


There were no monsters in sight!

Vanquished Creatures
  Sigmund (D:2)
  A hound (D:4)
  A worker ant (D:4)
  A hound skeleton (D:4)
  6 adders
  2 worms (D:2)
  2 dart slugs
  4 orcs
  11 bats
  A giant cockroach (D:1)
  5 goblins
  6 hobgoblins
  3 jackals (D:2)
  A quokka (D:2)
  7 frilled lizards
  7 kobolds (D:1)
  5 rats
64 creatures vanquished.

Notes
Turn   | Place    | Note
-------+----------+-------------------------------------------
     0 | D:1      | Borgoz the Minotaur Monk began the quest for the Orb.
     0 | D:1      | Reached XP level 1. HP: 19/19 MP: 0/0
   134 | D:1      | Reached XP level 2. HP: 25/27 MP: 1/1
   178 | D:1      | Reached skill level 1 in Armour
   803 | D:2      | Reached XP level 3. HP: 27/33 MP: 2/2
  1370 | D:2      | Noticed Sigmund
  1439 | D:2      | Killed Sigmund
  1439 | D:2      | Reached skill level 5 in Fighting
  1439 | D:2      | Reached skill level 5 in Long Blades
  1439 | D:2      | Reached XP level 4. HP: 22/42 MP: 3/3
  1439 | D:2      | Reached XP level 5. HP: 26/48 MP: 4/4
  2213 | D:3      | Reached XP level 6. HP: 52/56 MP: 5/5
  2948 | D:4      | Slain by an orc wizard

Skill      XL: |  1  2  3 |
---------------+----------+-----
Armour         | 1 3 |  3.4
Fighting       | 4 5 |  5.3
Long Blades    | 4 5 |  5.5
Dodging        | 4 |  4.7
Stealth        | |  1.5

Action                   |  1- 3 |  4- 6 || total
-------------------------+-------+-------++-------
Melee: Falchion          |   151 |    69 ||   220
       Headbutt          |    12 |    11 ||    23
  Use: Potion            |     4 |     1 ||     5
 Stab: Distracted        |     1 |       ||     1
       Sleeping          |     1 |     1 ||     2
  Eat: Chunk             |     2 |     4 ||     6
Armor: Robe              |     5 |       ||     5
       Skin              |    16 |       ||    16
       Leather armour    |     6 |    22 ||    28
Dodge: Dodged            |    58 |    49 ||   107
       Rpst.: Falchion   |    23 |     8 ||    31
